 Dungeon Crawl Stone Soup version 0.19-a0-1457-g32fba05 (webtiles) character file.

72 Amnesiac the Scholar of Death (level 4, -2/24 HPs)
             Began as a Deep Elf Necromancer on Sept 7, 2016.
             Was a Follower of Kikubaaqudgha.
             Slain by an adder (3 damage)
             ... on level 2 of the Dungeon.
             The game lasted 00:04:46 (1790 turns).

Amnesiac the Scholar of Death (DENe)                Turns: 1790, Time: 00:04:47

Health: -2/24      AC:  4    Str:  5    XL:     4   Next: 6%
Magic:  18/21      EV: 13    Int: 20    God:    Kikubaaqudgha [*.....]
Gold:   42         SH:  0    Dex: 16    Spells: 3 memorised, 6 levels left

rFire  . . .     SeeInvis .     (no weapon)
rCold  . . .     Gourm    .     a - +0 robe
rNeg   . . .     Faith    .     (no shield)
rPois  .         Spirit   .     (no helmet)
rElec  .         Dismiss  .     g - +0 cloak (curse)
rCorr  .         Reflect  .     l - +0 pair of gloves (curse)
MR     .....     Harm     .     (no boots)
Stlth  +.........               (no amulet)
                                (no ring)
                                h - ring of magical power

@: confused
A: no striking features
a: Receive Corpses, Renounce Religion


You were on level 2 of the Dungeon.
You worshipped Kikubaaqudgha.
Kikubaaqudgha was aware of your devotion.
You were not hungry.

You visited 1 branch of the dungeon, and saw 2 of its levels.

You collected 42 gold pieces.

Inventory:

Armour
 a - a +0 robe (worn)
 g - a cursed +0 cloak (worn)
 l - a cursed +0 pair of gloves (worn)
Jewellery
 h - a ring of magical power (left hand)
Scrolls
 d - 4 scrolls of identify {unknown}
 i - a scroll of amnesia {unknown}
 j - a scroll of blinking {unknown}
 p - a scroll of immolation {unknown}
Potions
 e - 2 potions of agility {unknown}
 m - a potion of cancellation {unknown}
 n - a potion of ambrosia {unknown}
Books
 b - a book of Necromancy

   Spells                             Type                      Level
   a - Pain                           Necromancy                   1
   b - Animate Skeleton               Necromancy                   1
   c - Vampiric Draining              Necromancy                   3
   d - Regeneration                   Charms/Necromancy            3
   e - Animate Dead                   Necromancy                   4
   f - Control Undead                 Necromancy                   4
 o - Kikubaaqudgha's Guide on Sinister Rituals
   (Kikubaaqudgha gifted it to you on level 2 of the Dungeon)

   Spells                             Type                      Level
   a - Pain                           Necromancy                   1
   b - Corpse Rot                     Necromancy                   2
   c - Sublimation of Blood           Necromancy                   2
   d - Vampiric Draining              Necromancy                   3
   e - Control Undead                 Necromancy                   4
Comestibles
 c - 5 bread rations
 f - 3 beef jerkies
 k - 5 chunks of flesh


   Skills:
 - Level 2.4 Dodging
 - Level 2.4 Stealth
 + Level 4.6 Spellcasting
 + Level 5.9 Necromancy


You had 6 spell levels left.
You knew the following spells:

 Your Spells              Type           Power        Failure   Level  Hunger
d - Corpse Rot            Necr           N/A          1%          2    #......
f - Vampiric Draining     Necr           ####......   3%          3    ##.....
z - Pain                  Necr           ####         1%          1    None


Dungeon Overview and Level Annotations

Branches:
Dungeon (2/15)

Altars:
Kikubaaqudgha

Annotations:
D:2 Sigmund


Message History

Confirm with . or Enter, or press ? or * to list all spells.
Aiming: Pain
Press: ? - help, Shift-Dir - straight line, f/p - adder
Aim: an adder (almost dead, chance to defeat MR: 89%)
The adder writhes in agony!
You kill the adder!
Kikubaaqudgha accepts your kill.
You have reached level 4!
You feel clever.
The adder hisses angrily.
You see here a bread ration.
Sigmund gestures at you while chanting.
You are confused.
Sigmund hits you from afar with a scythe of slicing.
* * * LOW HITPOINT WARNING * * *
x2 The hobgoblin hits you with a club.
* * * LOW HITPOINT WARNING * * *
The adder bites you.
You die...
Kikubaaqudgha rasps: "You have failed me!
Welcome... death!"

...######....##.....#
.....<..............#
P.....##.#... #.....#
.#....##.# #...†#
###.†.##.# #.#.#
....÷P.#.# #!#.##
....÷).#.# ##@..%#
._..##.#.# #Sg...#
.....#.#.# #@....#
######...## #..####
..........######..#
#..........)......#
##.####...######.##
#.# ##.## #.# #.# #.#
#.# ### #.# #.# #.#
##.## #.# #.#
#.###...##########


You could see Sigmund, an adder and a hobgoblin.

Vanquished Creatures
  3 adders (D:2)
  An ooze (D:1)
  A worm (D:2)
  A dart slug (D:1)
  8 bats
  A giant cockroach (D:2)
  6 goblins
  5 hobgoblins
  3 kobolds
  3 giant newts (D:1)
  3 rats
35 creatures vanquished.

Notes
Turn   | Place    | Note
-------+----------+-------------------------------------------
     0 | D:1      | Amnesiac the Deep Elf Necromancer began the quest for the Orb.
     0 | D:1      | Reached XP level 1. HP: 10/10 MP: 6/6
    31 | D:2      | Reached skill level 5 in Necromancy
   102 | D:2      | Noticed Sigmund
   117 | D:2      | Found an ancient bone altar of Kikubaaqudgha.
   122 | D:2      | Became a worshipper of Kikubaaqudgha
   548 | D:1      | Reached XP level 2. HP: 15/15 MP: 6/8
  1037 | D:2      | Reached XP level 3. HP: 9/19 MP: 10/10
  1690 | D:2      | Reached * piety under Kikubaaqudgha
  1690 | D:2      | Identified Kikubaaqudgha's Guide on Sinister Rituals (Kikubaaqudgha gifted it to you on level 2 of the Dungeon)
  1690 | D:2      | Received a gift from Kikubaaqudgha
  1725 | D:2      | Learned a level 3 spell: Vampiric Draining
  1733 | D:2      | Learned a level 2 spell: Corpse Rot
  1782 | D:2      | Reached XP level 4. HP: 12/24 MP: 12/12
  1790 | D:2      | HP: 1/24 [hobgoblin/club (2)]
  1790 | D:2      | Slain by an adder

Vault maps used:
D:1:      dpeg_arrival_boxorama, serial_glass, glass_columns_a, glass_columns_b,
          glass_columns_b, glass_columns_a, glass_columns_c, glass_columns_c,
          glass_columns_c, glass_columns_a, minmay_tromino_v2
D:2:      lemuel_coloured_pillars_altar, kiku_gazebo_garden_becter,
          nicolae_overflow_crystal_walls, first_bread, uniq_sigmund

Skill      XL: |  1  2 |
---------------+-------+-----
Necromancy     | 5 |  5.9
Spellcasting   | 4 |  4.6
Dodging        | |  2.4
Stealth        | |  2.4

Action                   |  1- 3 |  4- 6 || total
-------------------------+-------+-------++-------
 Cast: Pain              |    60 |     1 ||    61
  Eat: Chunk             |     2 |       ||     2
Armor: Robe              |     2 |       ||     2
Dodge: Dodged            |     8 |       ||     8
